 Dungeon Crawl Stone Soup version 0.27.1-34-g3ba077fa99 (webtiles) character file.

Game seed: 10299116491862710973

217125 zeram the Hoplite (level 19, -9/127 HPs)
             Began as a Gargoyle Fighter on Jan 12, 2022.
             Was an Initiate of Gozag.
             Mangled by an emperor scorpion (36 damage)
             ... on level 4 of the Spider Nest.
             The game lasted 01:18:41 (29766 turns).

zeram the Hoplite (Gargoyle Fighter)               Turns: 29766, Time: 01:18:43

Health: -9/127     AC: 46    Str: 38    XL:     19   Next: 47%
Magic:  0/19       EV:  6    Int:  5    God:    Gozag
Gold:   8642       SH:  0    Dex: 10    Spells: 18/18 levels left

rFire    . . .     SeeInvis +   a - +9 whip of Rubbish {vorpal, rC- rCorr Str+7 Int-4}
rCold    + . .     Faith    .   p - +5 kite shield of Okky Vol {Harm rPois Regen+ Dex-3}
rNeg     + . .     Spirit   .   C - +4 plate armour
rPois    ∞         Reflect  +   O - +2 hat {Will+}
rElec    +         Harm     +   J - +0 cloak "Gisiuguf" {rC++}
rCorr    +         Rampage  +   f - +2 pair of gloves {Str+3}
Will     +++..                  K - +0 pair of boots of Watchfulness {Rampage Regen+}
Stlth    ..........             b - amulet of Jaororye {Reflect Will+ SH+5 SInv}
HPRegen  2.31/turn              h - ring "Uvoeczi" {Dex+4 Slay+4}
MPRegen  0.16/turn              Z - ring of the Tortoise {AC+8}

@: gold aura, flying, held
A: sickness immunity, AC +14, big wings, negative energy resistance 1,
electricity resistance, torment resistance 1, petrification resistance, deformed
body
a: Renounce Religion, Potion Petition, Call Merchant, Bribe Branch


You were on level 4 of the Spider Nest.
You worshipped Gozag.
Gozag was greatly pleased with you.
You visited 6 branches of the dungeon, and saw 30 of its levels.
You also visited: Sewer, Gauntlet and Ice Cave.

You collected 12395 gold pieces.
You spent 3722 gold pieces at shops.
You paid 31 gold pieces to Gozag.

Inventory:

Hand Weapons
 a - the +9 whip of Rubbish (weapon) {vorpal, rC- rCorr Str+7 Int-4}
   (You bought it in a shop on level 2 of the Orcish Mines)

   It inflicts extra damage upon your enemies.
   Str:       It affects your strength (+7).
   Int:       It affects your intelligence (-4).
   rC:        It makes you vulnerable to cold.
   rCorr:     It protects you from acid and corrosion.
 s - a +3 demon trident of electrocution
 x - a +6 flail of holy wrath
Armour
 f - a +2 pair of gloves of strength (worn)
 p - the +5 kite shield of Okky Vol (worn) {Harm rPois Regen+ Dex-3}
   (You found it on level 4 of the Dungeon)

   Dex:       It affects your dexterity (-3).
   rPois:     It protects you from poison.
   Regen:     It increases your rate of health regeneration.
   Harm:      It increases damage dealt and taken.
 q - a scarf of repulsion
 C - a +4 plate armour (worn)
 J - the +0 cloak "Gisiuguf" (worn) {rC++}
   (You bought it in a shop on level 13 of the Dungeon)

   rC:        It greatly protects you from cold.
 K - the +0 pair of boots of Watchfulness (worn) {Rampage Regen+}
   (You bought it in a shop on level 13 of the Dungeon)

   Regen:     It increases your rate of health regeneration.
   Rampage:   It bestows one free step when moving towards enemies.
 O - a +2 hat of willpower (worn)
Jewellery
 b - the amulet of Jaororye (around neck) {Reflect Will+ SH+5 SInv}
   (You bought it in a shop on level 2 of the Orcish Mines)

   [amulet of reflection]

   It reflects blocked missile attacks.
   SInv:      It lets you see invisible.
   SH:        It affects your SH (+5).
   Will:      It increases your willpower.
 h - the ring "Uvoeczi" (left hand) {Dex+4 Slay+4}
   (You found it on level 4 of the Dungeon)

   [ring of slaying]

   Dex:       It affects your dexterity (+4).
   Slay:      It affects your accuracy & damage with ranged weapons and melee
   (+4).
 j - a +4 ring of evasion
 N - the ring "Fitete Epeu" {rPois rCorr SInv}
   (You found it on level 2 of the Lair of Beasts)

   [ring of see invisible]

   rPois:     It protects you from poison.
   SInv:      It lets you see invisible.
   rCorr:     It protects you from acid and corrosion.
 W - the ring of Shadows {Umbra +Inv Stlth+}
   (You found it on level 3 of the Elven Halls)

   [ring of stealth]

   It surrounds you with an aura of shadow, increasing your stealth and reducing
   the accuracy of all within it (including the wearer).
   +Inv:      It lets you turn invisible.
   Stlth:     It makes you more stealthy.
 Z - the ring of the Tortoise (right hand) {AC+8}
   (You found it on level 6 of the Lair of Beasts)

   [ring of protection]

   AC:        It affects your AC (+8).
Wands
 d - a wand of flame (89)
 w - a wand of acid (16)
 E - a wand of polymorph (24)
 H - a wand of iceblast (22)
 M - a wand of paralysis (10)
 R - a wand of charming (10)
 U - a wand of digging (8)
Scrolls
 g - a scroll of brand weapon
 i - 2 scrolls of fog
 l - 6 scrolls of teleportation
 m - 2 scrolls of enchant weapon
 r - a scroll of enchant armour
 z - a scroll of magic mapping
 A - 5 scrolls of fear
 F - 18 scrolls of identify
 L - 6 scrolls of blinking
Potions
 c - 4 potions of berserk rage
 e - 3 potions of magic
 k - 20 potions of curing
 n - 8 potions of ambrosia
 o - 8 potions of brilliance
 t - 4 potions of haste
 u - 3 potions of heal wounds
 v - 6 potions of cancellation
 B - 3 potions of might
 D - 2 potions of invisibility
Miscellaneous
 Q - a box of beasts


   Skills:
 + Level 16.9 Fighting
 + Level 16.7 Maces & Flails
 + Level 14.3 Armour
 * Level 7.6 Dodging
 - Level 2.1 Stealth
 + Level 22.1 Shields
 - Level 1.1 Evocations


You had 18 spell levels left.
You didn't know any spells.
Your spell library contained the following spells:

 Spells                   Type           Power      Damage    Failure   Level
 Beastly Appendage        Tmut           0%         N/A       91%         1
 Corona                   Hex            0%         N/A       91%         1
 Foxfire                  Conj/Fire      0%         2x1d4     91%         1
 Freeze                   Ice            0%         1d3       91%         1
 Sandblast                Erth           0%         2d4       91%         1
 Blink                    Tloc           N/A        N/A       97%         2
 Ensorcelled Hibernation  Hex/Ice        0%         N/A       97%         2
 Static Discharge         Conj/Air       0%         N/A       97%         2
 Wereblood                Tmut           0%         N/A       97%         2
 Call Canine Familiar     Summ           0%         N/A       99%         3
 Conjure Flame            Conj/Fire      0%         6-21      99%         3
 Dazzling Flash           Conj/Hex       0%         N/A       99%         3
 Frozen Ramparts          Ice            0%         1d2       99%         3
 Gell's Gravitas          Tloc           0%         N/A       99%         3
 Ignite Poison            Fire/Tmut/Pois 0%         N/A       99%         3
 Inner Flame              Hex/Fire       0%         N/A       99%         3
 Lesser Beckoning         Tloc           0%         N/A       99%         3
 Portal Projectile        Hex/Tloc       0%         N/A       99%         3
 Spider Form              Tmut/Pois      0%         N/A       99%         3
 Stone Arrow              Conj/Erth      0%         3d7       99%         3
 Teleport Other           Tloc           0%         N/A       99%         3
 Tukima's Dance           Hex            0%         N/A       99%         3
 Animate Armour           Summ/Erth      0%         N/A       100%        4
 Dispel Undead            Necr           0%         3d6       100%        4
 Hailstorm                Conj/Ice       0%         3d3       100%        4
 Ice Form                 Ice/Tmut       0%         N/A       100%        4
 Leda's Liquefaction      Hex/Erth       0%         N/A       100%        4
 Petrify                  Tmut/Erth      0%         N/A       100%        4
 Sticky Flame             Conj/Fire      0%         2d3       100%        4
 Summon Ice Beast         Ice/Summ       0%         N/A       100%        4
 Agony                    Necr           0%         N/A       100%        5
 Blade Hands              Tmut           0%         N/A       100%        5
 Bolt of Magma            Conj/Fire/Erth 0%         4d4       100%        5
 Borgnjor's Vile Clutch   Necr/Erth      0%         N/A       100%        5
 Excruciating Wounds      Necr           0%         N/A       100%        5
 Fireball                 Conj/Fire      0%         3d3       100%        5
 Freezing Cloud           Conj/Ice/Air   0%         6-21      100%        5
 Iskenderun's Battlesphe  Conj           0%         2d6       100%        5
 Lightning Bolt           Conj/Air       0%         1d11      100%        5
 Manifold Assault         Tloc           0%         N/A       100%        5
 Silence                  Hex/Air        0%         N/A       100%        5
 Summon Forest            Summ/Tloc      0%         N/A       100%        5
 Summon Mana Viper        Hex/Summ       0%         N/A       100%        5
 Conjure Ball Lightning   Conj/Air       0%         3x3d6     100%        6
 Dispersal                Tloc           0%         N/A       100%        6
 Shadow Creatures         Summ           N/A        N/A       100%        6
 Simulacrum               Ice/Necr       0%         N/A       100%        6
 Dragon Form              Tmut           0%         N/A       100%        7
 Malign Gateway           Summ/Tloc      0%         N/A       100%        7
 Monstrous Menagerie      Summ           0%         N/A       100%        7
 Orb of Destruction       Conj           0%         N/A       100%        7
 Summon Hydra             Summ           0%         N/A       100%        7
 Lehudib's Crystal Spear  Conj/Erth      0%         10d2      100%        8
 Maxwell's Capacitive Co  Air            0%         ∞         100%        8
 Polar Vortex             Ice            0%         N/A       100%        9
 Sublimation of Blood     Necr           Unusable   N/A       N/A         2
 Statue Form              Tmut/Erth      Unusable   N/A       N/A         6

Dungeon Overview and Level Annotations

Branches:
Dungeon (14/15)            Temple (1/1) D:5            Lair (6/6) D:8
  Swamp (0/4) Lair:2       Spider (4/4) Lair:4        Slime (0/5) Lair:5
    Orc (2/2) D:9             Elf (3/3) Orc:2         Sewer (visited)
  IceCv (visited)         Gauntlet (visited)
 Vaults: D:13-14

Altars:
Ashenzari
Cheibriados
Gozag
Makhleb
Nemelex Xobeh
Okawaru
Ru
Sif Muna
Trog
Vehumet
Yredelemnul
Zin
Beogh

Shops:
D:1 *   D:4 !   D:7 =   D:8 !   D:13 (*!(   Orc:2 =(=[   Elf:2 !   Elf:3 (

Annotations:
D:5 exclusion: statue
D:13 2 transporters, Loalud's ghost, journeyman SpCj; Rupert
Spider:4 Roxanne
Elf:2 3 runed translucent doors, Joey1's ghost, journeyman MiBe


Innate Abilities, Weirdness & Mutations

You are immune to sickness and miasma.
Your stone body is resilient. (AC +14)
You are immune to poison.
Your large and strong wings let you fly.
You resist negative energy. (rN+)
You are resistant to electric shocks. (rElec)
You are resistant to unholy torment.
You are immune to petrification.
Armour fits poorly on your strangely shaped body.


Message History

The wolf spider bites you but does no damage.
The jumping spider pounces on you but does no damage.
The jumping spider barely misses you. The emperor scorpion stings you!!
* * * LOW HITPOINT WARNING * * *
The emperor scorpion completely misses you.
The emperor scorpion claws you.
* * * LOW HITPOINT WARNING * * *
The ghost moth stares at you.
The tarantella hisses angrily.
You feel much better.
The tarantella is no longer distracted by gold.
The jumping spider is no longer berserk.
The hornet stings you but does no damage.
The wolf spider hits you but does no damage.
The wolf spider closely misses you.
The jumping spider pounces on you but does no damage.
The jumping spider bites you.
* * * LOW HITPOINT WARNING * * *
The hornet stings you!
* * * LOW HITPOINT WARNING * * *
The emperor scorpion completely misses you.
The emperor scorpion claws you but does no damage.
The emperor scorpion barely misses you. The wolf spider barely misses you.
The wolf spider bites you.
* * * LOW HITPOINT WARNING * * *
The jumping spider rages.
You feel much better.
The orb spider is no longer distracted by gold.
The hornet stings you.
* * * LOW HITPOINT WARNING * * *
The wolf spider hits you but does no damage.
The wolf spider bites you.
* * * LOW HITPOINT WARNING * * *
The jumping spider pounces on you.
* * * LOW HITPOINT WARNING * * *
You are even more entangled.
The jumping spider bites you but does no damage.
The emperor scorpion stings you!!
You die...
Your body crumbles into a pile of gold.

.# /.
....#.......#..##...#.#.^#
.#..8
.......#....#..##.......###
.....
..?.......###...#......^..#
...$.
.##......##.#...#...#^.....
##...
.........#^.....#...^....##
#
..#..##..#..#.^##..........
# $
......^....##..#...........
.#
..^.##....sys.............^
.# ###
###[.@ssy....######### ##
###sss...### ##sy..##
##..## #≈s..# #≈^#s# ##.$##
#..$s# ##$$##


You could see an emperor scorpion (berserk), a ghost moth (invisible), a demonic
crawler, a wolf spider (berserk), a moth of wrath, an orb spider, a hornet
(berserk), 5 jumping spiders and a tarantella (berserk).

Vanquished Creatures
  Nikola (Spider:4)
  The ghost of dnasty the Scorcher, an adept TeFE of Vehumet (Elf:3)
  Arachne (Spider:1)
  The ghost of Wybar the Devastator, an adept DrCj of Vehumet (Spider:1)
  3 deep elf master archers (Elf:3)
  Frances (Elf:1)
  6 deep elf blademasters
  Gastronok (Lair:3)
  Kirke (Spider:4)
  The ghost of Wiropych the Nimble, an adept TeNe of Gozag (Spider:1)
  An orc warlord (Orc:1)
  7 deep elf sorcerers (Elf:3)
  6 emperor scorpions
  The ghost of Bolleh the Thaumaturge, a journeyman GnSk of Makhleb (Spider:1)
  A deep elf elementalist (Elf:3)
  The ghost of Cumomo the Carver, an adept SpEn of Kikubaaqudgha (Spider:1)
  3 deep elf demonologists (Elf:3)
  Nessos (Lair:5)
  3 deep elf annihilators (Elf:3)
  A minotaur (Gauntlet)
  An entropy weaver (Spider:3)
  A spark wasp (Spider:4)
  Snorg (D:11)
  4 deep elf death magi (Elf:3)
  Fannar (D:11)
  2 deep elf high priests (Elf:3)
  2 boulder beetles
  4 hydras
  A ghost crab (Spider:2)
  Erica (D:10)
  4 two-headed ogres
  2 centaur warriors (D:13)
  13 death yaks
  Urug (Lair:1)
  20 deep elf knights
  3 skeletal warriors (D:11)
  A goliath frog (Lair:6)
  4 bog bodies
  6 orc knights
  10 deep elf archers
  A harpy (shapeshifter) (Elf:1)
  A lindwurm (Lair:5)
  30 deep elf zephyrmancers
  4 orc sorcerers
  19 orb spiders
  12 deep elf pyromancers
  A cyclops (D:13)
  An ugly thing (IceCv)
  2 manticores
  2 moths of wrath (Spider:2)
  6 elephants (Lair:6)
  28 wolf spiders
  Joseph (D:8)
  3 ice statues (IceCv)
  3 torpor snails
  2 black mambas (Lair:3)
  A gargoyle (D:12)
  25 cane toads
  4 rime drakes
  9 demonic crawlers
  An unseen horror (D:10)
  2 efreet
  8 komodo dragons
  3 entropy weaver simulacra (IceCv)
  A freezing wraith (IceCv)
  A polar bear (Lair:3)
  26 jumping spiders
  A queen bee (Lair:3)
  7 tyrant leeches
  Grinder (D:3)
  8 trolls
  A dream sheep (shapeshifter) (D:13)
  4 slime creatures
  11 hornets
  4 dream sheep (Lair:4)
  36 blink frogs
  4 flying skulls (Gauntlet)
  39 redbacks
  Sigmund (D:6)
  3 air elementals
  2 shadows
  3 wyverns
  18 yaks
  14 tarantellas
  2 wraiths
  Eustachio (D:5)
  7 water elementals
  4 basilisks
  3 hogs (Spider:4)
  2 fire elementals (Gauntlet)
  A death yak simulacrum (IceCv)
  19 vampire mosquitoes
  A steam dragon (D:6)
  7 wargs
  A swamp worm (Lair:2)
  3 acid dragons
  Menkaure (D:6)
  17 water moccasins
  Duvessa (Temple)
  3 hell hounds (Gauntlet)
  2 ice beasts
  7 black bears
  A hornet zombie (D:8)
  40 orc warriors
  6 ogres
  3 necrophages
  10 wolves
  9 centaurs
  4 phantoms
  Blork the orc (D:6)
  3 kobold brigands
  14 bullfrogs
  4 gnoll sergeants
  2 cane toad simulacra
  A scorpion (D:4)
  2 earth elementals
  Dowan (Temple)
  A water moccasin skeleton (D:5)
  37 killer bees
  8 howler monkeys
  8 wights
  3 elephant simulacra
  7 electric eels
  A bullfrog zombie (D:6)
  14 jellies
  6 centaur zombies
  3 hounds
  11 orc priests
  3 gnoll shamans
  4 iguanas
  18 orc wizards
  2 wolf simulacra (IceCv)
  3 killer bee zombies
  20 gnolls
  9 adders
  2 white imps
  2 ufetubi
  An adder zombie (D:5)
  4 worms
  2 dart slugs
  78 orcs
  6 ball pythons
  8 endoplasms
  8 giant cockroaches
  3 goblins
  7 hobgoblins
  22 kobolds
  8 quokkas
  4 bats
  9 frilled lizards
  5 rats
988 creatures vanquished.

Vanquished Creatures (others)
  A ghost moth (Spider:4)
  A deep elf annihilator (Elf:3)
  42 dancing weapons
  2 deep elf pyromancers (Elf:2)
  A jumping spider (Spider:1)
  2 redbacks (Spider:2)
  A tarantella (Spider:2)
  An orc wizard (D:9)
  A bush (Lair:6)
  23 demonic plants (Gauntlet)
  24 fungi
  80 plants
  A withered plant (D:11)
180 creatures vanquished.

Grand Total: 1168 creatures vanquished

Notes
Turn   | Place    | Note
-------+----------+-------------------------------------------
     0 | D:1      | zeram the Gargoyle Fighter began the quest for the Orb.
     0 | D:1      | Reached XP level 1. HP: 14/14 MP: 1/1
    38 | D:1      | Found a faded altar of an unknown god.
   303 | D:1      | Reached XP level 2. HP: 19/19 MP: 2/2
   608 | D:1      | Found Gopietha's General Store.
   906 | D:1      | Reached XP level 3. HP: 11/23 MP: 3/3
  1519 | D:2      | Found a snail-covered altar of Cheibriados.
  1586 | D:2      | Reached XP level 4. HP: 26/28 MP: 4/4
  1881 | D:3      | Found an opulent altar of Gozag.
  1942 | D:3      | Became a worshipper of Gozag Ym Sagoz the Greedy
  2120 | D:3      | Noticed Grinder
  2127 | D:3      | Paralysed by Grinder for 6 turns
  2143 | D:3      | Paralysed by Grinder for 5 turns
  2160 | D:3      | Paralysed by Grinder for 2 turns
  2176 | D:3      | Killed Grinder
  2177 | D:3      | Reached skill level 4 in Shields
  2177 | D:3      | Reached XP level 5. HP: 10/33 MP: 5/5
  2177 | D:3      | Reached XP level 6. HP: 11/38 MP: 6/6
  3035 | D:4      | Reached skill level 1 in Dodging
  3072 | D:4      | Found Ito Tump's Distillery.
  3080 | D:4      | Bought a potion of heal wounds for 60 gold pieces
  3080 | D:4      | Bought a potion of haste for 120 gold pieces
  3136 | D:4      | Reached skill level 5 in Armour
  3136 | D:4      | Reached skill level 5 in Shields
  3136 | D:4      | Reached XP level 7. HP: 28/43 MP: 7/7
  3709 | D:4      | Reached skill level 5 in Maces & Flails
  4031 | D:4      | Identified the ring "Uvoeczi" {Dex+4 Slay+4}
  4095 | D:4      | HP: 2/44 [black bear (6)]
  4387 | D:4      | Identified the +5 kite shield of Okky Vol {Harm rPois
                  | Regen+ Dex-3}
  4466 | D:5      | Entered Level 5 of the Dungeon
  4586 | D:5      | Reached XP level 8. HP: 48/48 MP: 8/8
  4653 | D:5      | Reached skill level 6 in Shields
  4696 | D:5      | Found a staircase to the Ecumenical Temple.
  4710 | D:5      | Noticed Duvessa
  4711 | D:5      | Noticed Dowan
  4718 | Temple   | Entered the Ecumenical Temple
  4837 | Temple   | Killed Duvessa
  4851 | Temple   | Killed Dowan
  4939 | D:5      | Noticed Eustachio
  5068 | D:5      | Reached skill level 7 in Shields
  5072 | D:5      | Killed Eustachio
  5131 | D:5      | Found a radiant altar of Vehumet.
  5304 | D:5      | Reached skill level 5 in Fighting
  5304 | D:5      | Reached XP level 9. HP: 16/54 MP: 9/9
  5356 | D:5      | Reached skill level 1 in Stealth
  5586 | D:6      | Noticed Blork the orc
  5588 | D:6      | Noticed a troll
  5591 | D:6      | Killed Blork the orc
  5597 | D:6      | Killed a troll
  5604 | D:6      | Noticed Sigmund
  5612 | D:6      | Killed Sigmund
  5690 | D:6      | Reached skill level 8 in Shields
  5728 | D:6      | Noticed Menkaure
  5736 | D:6      | Killed Menkaure
  5750 | D:6      | Found a glowing drain.
  5780 | Sewer    | Entered a sewer
  6559 | D:6      | Found a sparkling altar of Nemelex Xobeh.
  7075 | D:7      | Found Uzeeps's Jewellery Shop.
  7126 | D:7      | Identified the +5 hand axe "Hydrabane" {drain, Dex+4}
  7236 | D:8      | Found a snail-covered altar of Cheibriados.
  7238 | D:8      | Found a bloodstained altar of Trog.
  7239 | D:8      | Found a broken altar of Ashenzari.
  7242 | D:8      | Found a basalt altar of Yredelemnul.
  7253 | D:8      | Found a sacrificial altar of Ru.
  7256 | D:8      | Found a staircase to the Lair.
  7263 | D:8      | Found Waggoen's Distillery.
  7292 | D:8      | Bought 2 potions of heal wounds for 130 gold pieces
  7292 | D:8      | Bought a potion of heal wounds for 65 gold pieces
  7292 | D:8      | Bought a potion of curing for 39 gold pieces
  7292 | D:8      | Bought a potion of curing for 39 gold pieces
  7333 | D:8      | Noticed a manticore
  7344 | D:8      | Reached XP level 10. HP: 58/60 MP: 10/10
  7357 | D:8      | Killed a manticore
  7358 | D:8      | Reached skill level 9 in Shields
  7455 | D:8      | Noticed Joseph
  7467 | D:8      | Killed Joseph
  7584 | D:8      | Found an iron altar of Okawaru.
  8091 | D:9      | Noticed a two-headed ogre
  8100 | D:9      | Killed a two-headed ogre
  8101 | D:9      | Reached skill level 10 in Shields
  8404 | D:9      | Reached XP level 11. HP: 47/67 MP: 7/11
  8539 | D:9      | Noticed a two-headed ogre
  8547 | D:9      | Killed a two-headed ogre
  8583 | D:9      | Found a staircase to the Orcish Mines.
  8811 | D:10     | Entered Level 10 of the Dungeon
  9089 | D:10     | Reached skill level 11 in Shields
  9420 | D:10     | Found a burning altar of Makhleb.
  9425 | D:10     | Noticed an Executioner
  9427 | D:10     | Found a glowing silver altar of Zin.
  9428 | D:10     | Noticed an angel
  9527 | D:11     | Noticed Erica
  9546 | D:10     | Killed Erica
  9547 | D:10     | Reached skill level 10 in Maces & Flails
  9678 | D:11     | Noticed Fannar
  9690 | D:11     | Killed Fannar
  9816 | D:11     | Noticed a skeletal warrior
  9816 | D:11     | Noticed a skeletal warrior
  9820 | D:11     | Noticed a skeletal warrior
  9822 | D:11     | Killed a skeletal warrior
  9823 | D:11     | Reached skill level 12 in Shields
  9833 | D:11     | Killed a skeletal warrior
  9834 | D:11     | Reached XP level 12. HP: 73/73 MP: 12/12
 10065 | D:11     | Noticed a two-headed ogre
 10084 | D:11     | Killed a two-headed ogre
 10194 | D:11     | Noticed Snorg
 10204 | D:11     | Killed Snorg
 10270 | D:11     | You fall into a shaft and drop 3 floors!
 10279 | D:13     | Noticed a centaur warrior
 10290 | D:13     | Killed a centaur warrior
 10318 | D:13     | Noticed a boulder beetle
 10364 | D:13     | Killed a boulder beetle
 10365 | D:13     | Reached skill level 13 in Shields
 10365 | D:13     | Reached skill level 1 in Evocations
 10495 | D:13     | Found Rudo's Magic Scroll Shop.
 10735 | D:12     | You fall into a shaft and drop 1 floor!
 10741 | D:13     | Noticed a two-headed ogre
 10741 | D:13     | Noticed a centaur warrior
 10754 | D:13     | Killed a two-headed ogre
 10763 | D:13     | Killed a centaur warrior
 10838 | D:13     | Found a transporter.
 10850 | D:13     | Found a transporter.
 10850 | D:13     | Noticed a fire dragon
 10851 | D:13     | Noticed Loalud's ghost (journeyman SpCj)
 10870 | D:13     | Noticed a catoblepas
 10961 | D:13     | Found Ruckur's Distillery.
 11027 | D:13     | Bought 2 potions of heal wounds for 120 gold pieces
 11027 | D:13     | Bought a potion of heal wounds for 60 gold pieces
 11027 | D:13     | Bought a potion of heal wounds for 60 gold pieces
 11027 | D:13     | Bought a potion of heal wounds for 60 gold pieces
 11027 | D:13     | Bought a potion of invisibility for 96 gold pieces
 11027 | D:13     | Bought a potion of berserk rage for 60 gold pieces
 11027 | D:13     | Bought a potion of curing for 36 gold pieces
 11044 | D:13     | Found Mewkatt's Assorted Antiques.
 11050 | D:13     | Bought an ichor-stained hand axe for 208 gold pieces
 11050 | D:13     | Identified the +10 hand axe of Death's Door {vorpal, Str+2}
                  | (You bought it in a shop on level 13 of the Dungeon)
 11050 | D:13     | Bought a potion of invisibility for 208 gold pieces
 11050 | D:13     | Bought a shimmering cloak for 247 gold pieces
 11050 | D:13     | Identified the +0 cloak "Gisiuguf" {rC++} (You bought it in
                  | a shop on level 13 of the Dungeon)
 11050 | D:13     | Bought a potion of curing for 78 gold pieces
 11050 | D:13     | Bought a potion of curing for 78 gold pieces
 11050 | D:13     | Bought a pair of polished boots for 247 gold pieces
 11050 | D:13     | Identified the +0 pair of boots of Watchfulness {Rampage
                  | Regen+} (You bought it in a shop on level 13 of the
                  | Dungeon)
 11079 | D:13     | Found Aresh's Antique Weapon Shop.
 11190 | D:13     | Found Kialihiyxo's Weapon Shoppe.
 11191 | D:13     | Noticed Rupert
 11200 | D:13     | Paralysed by Rupert for 6 turns
 11351 | D:13     | Paralysed by Rupert for 6 turns
 11402 | D:12     | Reached XP level 13. HP: 80/80 MP: 13/13
 11679 | Orc:1    | Entered Level 1 of the Orcish Mines
 12057 | Orc:1    | Noticed an orc warlord
 12422 | Lair:1   | Entered Level 1 of the Lair of Beasts
 12684 | Lair:1   | Reached skill level 14 in Shields
 12939 | Lair:1   | Noticed Urug
 12948 | Lair:1   | Killed Urug
 13405 | Lair:1   | Reached skill level 10 in Armour
 13909 | Lair:2   | Found a staircase to the Swamp.
 14496 | Lair:2   | Identified the ring "Fitete Epeu" {rPois rCorr SInv}
 14946 | Lair:3   | Found a frozen archway.
 14946 | Lair:3   | Noticed Gastronok
 14965 | Lair:3   | Killed Gastronok
 15006 | IceCv    | Entered an ice cave
 15130 | IceCv    | Gained mutation: Your large and strong wings let you fly.
                  | [Gargoyle growth]
 15130 | IceCv    | Reached XP level 14. HP: 87/87 MP: 11/14
 15210 | IceCv    | Reached skill level 10 in Fighting
 15303 | IceCv    | Got Sif Muna's Papyrus of the Supportive Arsonist
 15596 | Lair:3   | Reached skill level 15 in Shields
 16368 | Lair:4   | Found a hole to the Spider Nest.
 17008 | Lair:5   | Noticed Nessos
 17042 | Lair:5   | Killed Nessos
 17455 | Lair:5   | Found a staircase to the Slime Pits.
 17921 | Lair:6   | Entered Level 6 of the Lair of Beasts
 17964 | Lair:6   | Reached skill level 16 in Shields
 18119 | Lair:6   | Reached XP level 15. HP: 82/94 MP: 10/15
 18214 | Lair:6   | Found a gate leading to a gauntlet.
 18225 | Gauntlet | Entered a Gauntlet
 18225 | Gauntlet | Found a transporter.
 18225 | Gauntlet | Found a transporter.
 18257 | Gauntlet | Found a transporter.
 18258 | Gauntlet | Found a transporter.
 18268 | Gauntlet | Found a transporter.
 18269 | Gauntlet | Found a transporter.
 18277 | Gauntlet | Found a transporter.
 18297 | Gauntlet | Found a transporter.
 18315 | Gauntlet | Found a transporter.
 18319 | Gauntlet | Found a transporter.
 18329 | Gauntlet | Found a transporter.
 18331 | Gauntlet | Found a transporter.
 18567 | Gauntlet | Identified the ring "Histregh" {rCorr Dex+2}
 18715 | Gauntlet | Got the Almanac of Transmigration
 18721 | Gauntlet | Identified the +1 robe "Geqylups" {Drain rCorr Dex+2}
 18722 | Gauntlet | Got the Collected Works on the Rocks
 18911 | Lair:6   | Reached skill level 17 in Shields
 19193 | Lair:6   | Found the ring of the Tortoise {AC+8}
 19254 | Lair:6   | Identified the +3 war axe of Makhleb's Pride {vamp, Int+4}
 20220 | Orc:1    | Killed an orc warlord
 20377 | Orc:1    | Found a shimmering blue altar of Sif Muna.
 20591 | Orc:2    | Entered Level 2 of the Orcish Mines
 20908 | Orc:2    | Found Matolugu's Jewellery Shoppe.
 20953 | Orc:2    | Found Ceteryal's Antique Armour Boutique.
 21153 | Orc:2    | Found Jamavock's Antique Weapon Boutique.
 21202 | Orc:2    | Bought a brightly glowing whip for 225 gold pieces
 21202 | Orc:2    | Identified the +9 whip of Rubbish {vorpal, rC- rCorr Str+7
                  | Int-4} (You bought it in a shop on level 2 of the Orcish
                  | Mines)
 21208 | Orc:2    | Found Icoojietwi's Jewellery Shoppe.
 21235 | Orc:2    | Bought the amulet of Jaororye {Reflect Will+ SH+5 SInv} for
                  | 748 gold pieces
 21305 | Orc:2    | Found a staircase to the Elven Halls.
 21783 | Elf:1    | Entered Level 1 of the Elven Halls
 21888 | Elf:1    | Reached XP level 16. HP: 103/103 MP: 16/16
 21894 | Elf:1    | Reached skill level 18 in Shields
 21949 | Elf:1    | Reached skill level 15 in Maces & Flails
 22048 | Elf:1    | Noticed Frances
 22058 | Elf:1    | Killed Frances
 22059 | Elf:1    | Reached skill level 5 in Dodging
 22734 | Elf:1    | Identified a scroll of acquirement
 22779 | Elf:1    | Acquired 814 gold pieces
 22959 | Elf:2    | Paralysed by an air elemental for 1 turns
 22962 | Elf:2    | Found Feteps's Distillery.
 22964 | Elf:2    | Paralysed by an air elemental for 1 turns
 22970 | Elf:2    | Paralysed by an air elemental for 1 turns
 22999 | Elf:2    | Found a runed translucent gate.
 22999 | Elf:2    | Found a runed translucent gate.
 23032 | Elf:2    | Found a runed translucent gate.
 23055 | Elf:2    | Found a runed translucent gate.
 23060 | Elf:2    | Found a runed translucent gate.
 23060 | Elf:2    | Found a runed translucent gate.
 23094 | Elf:2    | Reached skill level 19 in Shields
 23110 | Elf:2    | Bought a potion of might for 72 gold pieces
 23110 | Elf:2    | Bought a potion of might for 72 gold pieces
 23270 | Elf:2    | Noticed Joey1's ghost (journeyman MiBe)
 23524 | Elf:2    | Noticed a deep elf blademaster
 23542 | Elf:2    | Killed a deep elf blademaster
 23543 | Elf:2    | Reached XP level 17. HP: 112/112 MP: 17/17
 23978 | Elf:3    | Entered Level 3 of the Elven Halls
 24045 | Elf:3    | Found a runed translucent gate.
 24045 | Elf:3    | Found a runed translucent gate.
 24046 | Elf:3    | Found a runed translucent gate.
 24073 | Elf:3    | Found a runed translucent door.
 24074 | Elf:3    | Noticed dnasty's ghost (adept TeFE)
 24082 | Elf:3    | Found Pufely's Weapon Emporium.
 24093 | Elf:3    | Bought a +2 demon trident of electrocution for 594 gold
                  | pieces
 24476 | Elf:3    | Noticed a deep elf blademaster
 24476 | Elf:3    | Noticed a deep elf blademaster
 24477 | Elf:3    | Noticed a deep elf master archer
 24492 | Elf:3    | Killed a deep elf blademaster
 24504 | Elf:3    | Killed a deep elf blademaster
 24506 | Elf:3    | Killed a deep elf master archer
 24586 | Elf:3    | Reached skill level 20 in Shields
 24597 | Elf:3    | Reached skill level 15 in Fighting
 24709 | Elf:3    | Noticed a deep elf blademaster
 24710 | Elf:3    | Noticed a deep elf master archer
 24784 | Elf:3    | Killed a deep elf blademaster
 24786 | Elf:3    | Killed a deep elf master archer
 24810 | Elf:3    | Identified the +5 war axe "Mepny" {elec, rPois rCorr Dex+3}
 24810 | Elf:3    | Noticed a deep elf blademaster
 24845 | Elf:3    | Killed a deep elf blademaster
 25274 | Elf:3    | Reached XP level 18. HP: 119/119 MP: 18/18
 25276 | Elf:3    | Noticed a deep elf master archer
 25276 | Elf:3    | Noticed a deep elf blademaster
 25280 | Elf:3    | Killed a deep elf master archer
 25287 | Elf:3    | Killed a deep elf blademaster
 25557 | Elf:3    | Identified the +10 scythe of Bloodstone {flame, rN+ rCorr
                  | Str+4 Int-5}
 25559 | Elf:3    | Found the ring of Shadows {Umbra +Inv Stlth+}
 25571 | Elf:3    | Noticed a Brimstone Fiend
 25599 | Elf:3    | Gained mutation: Armour fits poorly on your strangely
                  | shaped body. [a cacodemon]
 25834 | Elf:3    | Identified the +7 arbalest "Yvveocup" {freeze, *Slow rElec
                  | Dex+3}
 25859 | Elf:3    | Got Vynle's Almanac of Twisted Shape Shifting
 25896 | Elf:3    | Identified the +4 long sword "Wyajor" {vamp, rPois}
 26109 | Elf:3    | Killed dnasty's ghost
 26443 | Spider:1 | Entered Level 1 of the Spider Nest
 26639 | Spider:1 | Reached skill level 21 in Shields
 26871 | Spider:1 | Found a runed translucent gate.
 26871 | Spider:1 | Found a runed translucent gate.
 26871 | Spider:1 | Noticed Wybar's ghost (adept DrCj)
 26872 | Spider:1 | Noticed Bolleh's ghost (journeyman GnSk)
 26873 | Spider:1 | Noticed Cumomo's ghost (adept SpEn)
 26874 | Spider:1 | Found a runed translucent gate.
 26874 | Spider:1 | Noticed Wiropych's ghost (adept TeNe)
 27296 | Spider:1 | Killed Cumomo's ghost
 27320 | Spider:1 | Killed Wybar's ghost
 27332 | Spider:1 | Killed Bolleh's ghost
 27359 | Spider:1 | Killed Wiropych's ghost
 27415 | Spider:2 | Noticed Arachne
 27439 | Spider:1 | Killed Arachne
 28393 | Spider:3 | Reached XP level 19. HP: 127/127 MP: 19/19
 29167 | Spider:4 | Entered Level 4 of the Spider Nest
 29212 | Spider:4 | Noticed Nikola
 29226 | Spider:4 | Killed Nikola
 29311 | Spider:4 | Noticed Roxanne
 29524 | Spider:4 | Noticed Kirke
 29542 | Spider:4 | Killed Kirke
 29671 | Spider:4 | Reached skill level 22 in Shields
 29763 | Spider:4 | HP: 2/127 [wolf spider (28)]
 29766 | Spider:4 | Mangled by an emperor scorpion

Illustrated notes

Levels and vault maps discovered:
D:1:      saegor_arrival_simple_c, layout_loops_cross, serial_shops, shop,
          chequers_ecumenical_altar_twisty
D:2:      layout_basic, basic_altar, hangedman_decor_clover_reticule
D:3:      layout_basic, mainiacjoe_overflow_cross_hatched, uniq_grinder
D:4:      layout_gridville, serial_shops, nicolae_shop_statue_plus,
          minmay_pentangle
D:5:      layout_basic, vehumet_statue, nicolae_overflow_hidden_temple,
          minmay_temple_entry_tees, chequers_serial_rivers_marsh,
          nicolae_underground_beach, uniq_eustachio, uniq_duvessa
D:6:      layout_rooms, kennysheep_mini, gup_sewer_entry_glass, uniq_menkaure,
          uniq_blork_the_orc, uniq_sigmund
D:7:      layout_basic, serial_shops, nicolae_shop_behind_doors, minivault_11,
          item_on_display_a
D:8:      minmay_razor_zed, layout_cave_pools, grunt_temple_overflow_open,
          lair_entry_dummy, serial_shops, nicolae_shop_stone, uniq_joseph
D:9:      layout_rooms, orc_0_dummy, hangedman_abyss_or_decor_jellyfish_corner,
          kennysheep_path_1, minmay_circle_x
D:10:     layout_cave_pools, grunt_temple_overflow_order_and_chaos_2
D:11:     layout_grid_maze, serial_undead, serial_undead_d, serial_undead_e,
          serial_undead_c, serial_undead_d, serial_undead_c, serial_undead_b,
          serial_shops, bzr_firewalk, uniq_fannar, uniq_erica, uniq_snorg
D:12:     layout_loops_corners, bloody_trog
D:13:     layout_cave_pods, gammafunk_ghost_berserking_beasts, serial_shops,
          nicolae_shop_trees, shop, nicolae_shop_competitors_out_of_business,
          shop_fountains, nicolae_shop_trees, uniq_rupert
D:14:     layout_long_grid, erik_vaults_1, nrook_mini_backslash,
          kennysheep_generic_room_10, uniq_louise
Temple:   jpeg_temple_alley_garden
Lair:1:   layout_layer_cave, st_stairs_6, grunt_megastairs_5, uniq_urug
Lair:2:   layout_cave_pods, nicolae_swamp_entry_splash_gauntlet
Lair:3:   nzn_winding_woodlands_cross
          [nzn_winding_woodlands_5x15_river_crossing,
          nzn_winding_woodlands_5x15_twine, nzn_winding_woodlands_5x15_pool,
          nzn_winding_woodlands_5x15_jagged,
          nzn_winding_woodlands_15x15_killbox], layout_misc_corridors,
          special_room [special_room_bee], portal_ice_cave_entry_ice_simulacra,
          uniq_gastronok
Lair:4:   layout_cellular_growth, nicolae_spider_entry_orb_guardian
Lair:5:   layout_gridlike, minmay_slime_entry_jelly_boxes, st_stairs_9,
          serial_bayou_shore_a, uniq_nessos
Lair:6:   minmay_lair_end_frog_pond, layout_cave_pods, gauntlet_entry_generic,
          serial_rivers, chequers_serial_rivers_micro_d,
          chequers_serial_rivers_room_b, chequers_serial_rivers_large_b,
          chequers_serial_rivers_marsh, chequers_serial_rivers_small_3,
          st_stairs_9
Spider:1: layout_spider_delve, gammafunk_ghost_cemetery
Spider:2: nicolae_spider_mines_2, nicolae_spider_swamp_cousins, uniq_arachne
Spider:3: layout_spider_delve
Spider:4: guppyfry_spider_rune, nicolae_spider_webs_and_nodes, drop_trap,
          uniq_kirke, uniq_nikola, uniq_roxanne
Orc:1:    layout_caves, kennysheep_orc_sif_temple
Orc:2:    st_orc_town, layout_caves
Elf:1:    layout_loops_cross, hangedman_elven_crosses_minicolossus, uniq_frances
Elf:2:    nicolae_elf_blades_crystal_corner, layout_loops_ring, serial_shops,
          nicolae_shop_trees, ebering_ghost_rock_garden
Elf:3:    minmay_elf_hall, layout_geoelf_octagon, ebering_ghost_reflecting_pool,
          serial_shops, shop, corexii_leaking_fountain,
          nicolae_elf_hall_of_bonks

Skill      XL: |  1  2  3  4  5  6  7  8  9 10 11 12 13 14 15 16 17 18 19 |
---------------+----------------------------------------------------------+-----
Armour         | 4 5 6 7 8 9 10 11 12 13 14 | 14.3
Fighting       | 4 5 7 9 11 12 14 15 16 | 16.9
Maces & Flails | 4 5 6 8 9 10 12 13 14 15 16 | 16.7
Shields        | 4 5 7 8 10 12 13 14 16 17 19 20 21 22 | 22.1
Dodging        | 1 2 3 4 5 6 7 |  7.6
Stealth        | 1 2 |  2.1
Evocations     | 1 |  1.1

Action                   |  1- 3 |  4- 6 |  7- 9 | 10-12 | 13-15 | 16-18 | 19-21 || total
-------------------------+-------+-------+-------+-------+-------+-------+-------++-------
Melee: Flail             |    53 |       |       |   520 |  1607 |       |       ||  2180
       Whip              |    31 |   150 |   434 |    90 |    45 |  1234 |   362 ||  2346
Evoke: Wand              |       |       |     6 |     4 |       |       |       ||    10
  Use: Scroll            |     6 |     2 |     6 |     8 |    14 |    10 |       ||    46
       Potion            |       |     3 |     6 |     4 |     9 |     4 |     3 ||    29
 Stab: Distracted        |       |       |     1 |     2 |     8 |     7 |     2 ||    20
       Invisible         |       |       |       |       |     6 |       |       ||     6
Armor: Scale mail        |    57 |    71 |   157 |   138 |       |       |       ||   423
       Skin              |       |    16 |       |       |       |       |       ||    16
       Plate armour      |       |       |       |   171 |   524 |   323 |   209 ||  1227
Dodge: Dodged            |    24 |    44 |   109 |   186 |   342 |   149 |    92 ||   946
       Repelled          |       |       |       |     2 |     3 |       |       ||     5
Block: Kite shield       |    49 |    62 |   274 |   616 |  1368 |   909 |   460 ||  3738
       Reflection        |       |       |       |       |     2 |    35 |       ||    37
